 Seeded DCSS version 0.30.0-5-g1a98f26d00 (webtiles) character file.

Game seed: 2 (custom seed)

702 Kazon the Ducker (level 7, -3/59 HPs)
             Began as a White Draconian Fighter on May 9, 2023.
             Was an Initiate of Okawaru.
             Slain by Edmund
             ... wielding a +3 flail of venom
              (11 damage)
             ... on level 5 of the Dungeon.
             The game lasted 00:18:08 (3781 turns).

Kazon the Ducker (White Draconian Fighter)          Turns: 3781, Time: 00:18:12

Health: -3/59      AC:  9    Str: 18    XL:     7   Next: 39%
Magic:  7/7        EV: 12    Int: 10    God:    Okawaru [......]
Gold:   230        SH:  0    Dex: 11    Spells: 6/6 levels left

rFire   . . .        q - +0 whip (flame)
rCold   + . .        b - +0 buckler
rNeg    . . .        (body armour unavailable)
rPois   .            D - +2 hat
rElec   .            (no cloak)
rCorr   .            (no gloves)
SInv    .            u - +0 pair of boots
Will    .....        (no amulet)
Stlth   +            d - ring of flight
HPRegen 0.29/turn    (no ring)
MPRegen 0.10/turn

%: no passive effects
@: confused, lethally poisoned (-3 -> -29), ambrosia-drunk, flying
A: breathe frost, AC +6, unfitting armour, cold resistance 1, cold-blooded
a: Breathe Frost, Renounce Religion


You were on level 5 of the Dungeon.
You worshipped Okawaru.
Okawaru was noncommittal.
You visited 2 branches of the dungeon, and saw 6 of its levels.

You collected 230 gold pieces.

Inventory:

Hand Weapons
 a - a +0 flail
 e - a +1 dagger of electrocution
 q - a +0 whip of flaming (weapon)
Missiles
 f - 16 stones
 j - 19 poisoned darts (quivered)
Armour
 b - a +0 buckler (worn)
 u - a +0 pair of boots (worn)
 D - a +2 hat (worn)
Jewellery
 d - a ring of flight (left hand)
Wands
 t - a wand of flame (45)
 A - a wand of digging (5)
Scrolls
 g - 3 scrolls of identify {unknown}
 i - a scroll of teleportation {unknown}
 r - a scroll of acquirement {unknown}
 s - 2 scrolls of fear {unknown}
 w - a scroll of fog {unknown}
 y - 2 scrolls of enchant weapon {unknown}
 z - 2 scrolls of magic mapping {unknown}
 C - a scroll of blinking {unknown}
Potions
 c - 3 potions of might
 h - a potion of curing {unknown}
 k - a potion of cancellation {unknown}
 l - a potion of resistance {unknown}
 m - 2 potions of magic {unknown}
 n - a potion of lignification {unknown}
 o - 2 potions of heal wounds {unknown}
 p - a potion of attraction {unknown}
 v - a potion of ambrosia
 x - 2 potions of degeneration {unknown}
 B - a potion of invisibility {unknown}
 E - a potion of flight


   Skills:
 + Level 4.1 Fighting
 + Level 2.8 Short Blades
 + Level 3.2 Maces & Flails
 + Level 2.1 Throwing
 + Level 4.2 Dodging
 + Level 2.9 Stealth
 + Level 3.7 Shields
 * Level 2.2 Evocations


You had 6 spell levels left.
You didn't know any spells.
Your spell library contained the following spells:

 Spells                   Type           Power      Damage    Failure   Level
 Sting                    Tmut/Pois      0%         1d3       43%         1
 Lesser Beckoning         Tloc           0%         N/A       58%         2
 Gell's Gravitas          Tloc           0%         N/A       82%         3
 Teleport Other           Tloc           0%         N/A       82%         3


Dungeon Overview and Level Annotations

Branches:
Dungeon (5/15)             Temple (1/1) D:5

Altars:
Cheibriados
Elyvilon
Hepliaklqana
Okawaru
Ru
Sif Muna
Uskayaw
Xom
Zin

Shops:
D:4 :

Annotations:
D:3 1 runed translucent door, Crazy Yiuf
D:5 Edmund


Innate Abilities, Weirdness & Mutations

You can breathe waves of freezing cold which knock back foes.
Your icy white scales are hard. (AC +6)
You cannot fit into any form of body armour.
Your flesh is cold resistant. (rC+)
You are cold-blooded and may be slowed by cold attacks.


Message History

You hit Edmund but do no damage.
Edmund is moderately wounded.
You feel very sick. Edmund misses you.
You hit Edmund but do no damage. You tail-slap Edmund, but do no damage.
Edmund is moderately wounded.
You feel sick.
Edmund zaps a wand.
The puff of flame hits you.
You hit Edmund. You burn Edmund.
Edmund is moderately wounded.
You feel very sick.
Edmund zaps a wand.
The puff of flame hits you but does no damage.
You barely miss Edmund.
Edmund is moderately wounded.
You feel sick. You block Edmund's attack.
You hit Edmund. You burn Edmund.
Edmund is heavily wounded.
You feel sick.
Edmund zaps a wand.
The puff of flame hits you.
You hit Edmund. You burn Edmund.
Edmund is heavily wounded.
You feel sick.
Edmund zaps a wand.
The puff of flame hits you.
You hit Edmund but do no damage.
Edmund is heavily wounded.
You feel sick.
Edmund hits you with a +3 flail of venom.
You are more poisoned.
You closely miss Edmund.
Edmund is heavily wounded.
* * * LOW HITPOINT WARNING * * *
You feel very sick.
Edmund hits you with a +3 flail of venom.
* * * LOW HITPOINT WARNING * * *
You are more poisoned.
It was a potion of ambrosia.
You are confused.
You feel invigorated.
* * * LOW HITPOINT WARNING * * *
You feel extremely sick.
Edmund hits you with a +3 flail of venom!
You die...

## .# ##.# #..
#.# #.# #@# ###
#@# ....
#(####### ....
#.#......
.#..###......#
...........####
##..#).$.#.....
#..#.>...#####
#...$.:...#####.


You could see Edmund (poisoned).

Vanquished Creatures
  An ogre (D:4)
  2 scorpions (D:4)
  2 hounds (D:4)
  A jelly (D:3)
  A gnoll bouda (D:4)
  Jessica (D:3)
  Natasha (twice) (D:2)
  An iguana (D:4)
  An orc wizard (D:4)
  Robin (D:3)
  6 gnolls
  9 adders
  2 worms
  4 dart slugs
  5 orcs
  6 endoplasms
  5 giant cockroaches
  13 goblins
  8 hobgoblins
  9 kobolds
  5 quokkas
  6 ball pythons
  5 bats
  3 frilled lizards
  4 rats
103 creatures vanquished.

Vanquished Creatures (others)
  An orc wizard (D:4)
1 creature vanquished.

Grand Total: 104 creatures vanquished

Notes
Turn   | Place    | Note
-------+----------+-------------------------------------------
     0 | D:1      | Kazon the Draconian Fighter began the quest for the Orb.
     0 | D:1      | Reached XP level 1. HP: 19/19 MP: 1/1
    76 | D:1      | You fall into a shaft and drop 1 floor!
   150 | D:2      | Reached XP level 2. HP: 25/26 MP: 2/2
   318 | D:2      | Noticed Natasha
   410 | D:1      | Found a faded altar of an unknown god.
   428 | D:1      | Got Plato's Compilation of Poisoning
   723 | D:1      | Reached XP level 3. HP: 30/31 MP: 3/3
   838 | D:1      | Reached skill level 1 in Stealth
  1272 | D:2      | Killed Natasha
  1281 | D:2      | Reached XP level 4. HP: 31/39 MP: 4/4
  1316 | D:2      | Noticed Natasha
  1325 | D:2      | Killed Natasha
  1326 | D:2      | Reached skill level 1 in Throwing
  1751 | D:3      | Noticed Robin
  1774 | D:3      | Killed Robin
  1775 | D:3      | Reached XP level 5. HP: 38/46 MP: 5/5
  1782 | D:3      | Noticed Jessica
  1804 | D:3      | Killed Jessica
  2030 | D:3      | Found a shimmering altar of Xom.
  2030 | D:3      | Found a shimmering altar of Xom.
  2032 | D:3      | Found a shimmering altar of Xom.
  2032 | D:3      | Found a shimmering altar of Xom.
  2531 | D:3      | Found a runed translucent door.
  2532 | D:3      | Noticed Crazy Yiuf
  2682 | D:4      | Noticed an ogre
  2692 | D:4      | Killed an ogre
  2693 | D:4      | Reached skill level 1 in Short Blades
  2693 | D:4      | Reached skill level 1 in Evocations
  2693 | D:4      | Reached XP level 6. HP: 52/52 MP: 6/6
  2738 | D:4      | Found a sacrificial altar of Ru.
  2878 | D:4      | Your scales start taking on an icy white colour.
  2878 | D:4      | Reached XP level 7. HP: 56/59 MP: 7/7
  2878 | D:4      | Gained mutation: Your flesh is cold resistant. (rC+) [White
                  | Draconian growth]
  3005 | D:4      | Found Jeusoc's Book Shop.
  3727 | D:5      | Entered Level 5 of the Dungeon
  3727 | D:5      | Noticed Edmund
  3727 | D:5      | Found a staircase to the Ecumenical Temple.
  3732 | Temple   | Entered the Ecumenical Temple
  3739 | Temple   | Became a worshipper of Warmaster Okawaru
  3781 | D:5      | Slain by Edmund

Illustrated notes

Levels and vault maps discovered:
D:1:      dpeg_arrival_lava_altar, layout_basic,
          shapermc_ecumenical_altar_rom_forum
D:2:      layout_rooms, solitary_fountain, minmay_tromino_v4_a, uniq_natasha
D:3:      minmay_diamond_boxcup, layout_loops_ring, xom_redecorated,
          uniq_jessica, uniq_crazy_yiuf_cottage, uniq_robin
D:4:      layout_basic, mainiacjoe_overflow_boulevard, serial_shops, shop
D:5:      layout_rooms, minmay_temple_entry_offerings, serial_shops, shop,
          uniq_edmund
Temple:   hellmonk_temple_of_storms

Skill      XL: |  1  2  3  4  5  6  7 |
---------------+----------------------+-----
Stealth        | 1 2 |  2.9
Dodging        | 3 4 |  4.2
Throwing       | 1 2 |  2.1
Maces & Flails | 3 |  3.2
Short Blades   | 1 2 |  2.8
Evocations     | 1 2 |  2.2
Fighting       | 4 |  4.1
Shields        | |  3.7

Action                     |  1- 3 |  4- 6 |  7- 9 || total
---------------------------+-------+-------+-------++-------
  Melee: Flail             |    88 |    37 |       ||   125
         Tailslap          |    12 |    16 |    19 ||    47
         Dagger            |       |   140 |    47 ||   187
         Whip              |       |       |    49 ||    49
  Throw: Stone             |    11 |    14 |     2 ||    27
         Dart              |       |     3 |    22 ||    25
Ability: Breathe Frost     |       |       |     1 ||     1
    Use: Potion            |       |     1 |     1 ||     2
   Stab: Sleeping          |       |     4 |     2 ||     6
         Distracted        |       |     1 |       ||     1
 Armour: Skin              |    27 |    40 |    34 ||   101
  Dodge: Dodged            |    56 |    82 |    38 ||   176
  Block: Buckler           |    18 |    31 |    13 ||    62
